PBL
HOUSTON COLT .45'S @ KELOWNA HEAT
10/12/2044
 
TOP OF THE 1ST
Roswell Invaders batting - Pitching for Portland Angels : RHP Sam Sweet
Pitching: RHP Sam Sweet
Batting: RHB Hector Torres 0-0: Swinging Strike
0-1: Ball
1-1: SINGLE (Line Drive, 8RS, EV 100.6 MPH)
Batting: LHB Todd Hecht 0-0: Ball
1-0: Fly out, F7 (Flyball, 7LS, EV 81.9 MPH)
Batting: LHB Pete Dillon 0-0: Ball
1-0: Called Strike
1-1: Ball
2-1: Foul Ball, location: 2F
2-2: Strikes out swinging
Batting: RHB Jose Valdez 0-0: Called Strike
Pickoff Throw to First - Out! 1-3
Top of the 1st over - 0 runs, 1 hit, 0 errors, 0 left on base; Roswell 0 - Portland 0
BOTTOM OF THE 1ST
Portland Angels batting - Pitching for Roswell Invaders : LHP Enrique Lopez
Pitching: LHP Enrique Lopez
Batting: RHB Aubrey Soldan 0-0: Ball
1-0: Swinging Strike
1-1: Called Strike
1-2: Fly out, F7 (Flyball, 7LMF, EV 100.0 MPH)
Batting: RHB Suoud bin Hilal 0-0: Ground out 5-3 (Groundball, 56, EV 101.3 MPH)
Batting: RHB Kyle Waters 0-0: Ball
1-0: Ball
2-0: Called Strike
2-1: Ground out 6-3 (Groundball, 6S, EV 67.5 MPH)
Bottom of the 1st over - 0 runs, 0 hits, 0 errors, 0 left on base; Roswell 0 - Portland 0
TOP OF THE 2ND
Roswell Invaders batting - Pitching for Portland Angels : RHP Sam Sweet
Batting: RHB Jose Valdez 0-0: Fly out, F7 (Flyball, 78D, EV 105.0 MPH)
Batting: RHB Martin Berrios 0-0: Ball
1-0: Called Strike
1-1: Foul Ball, location: 2F
1-2: Strikes out looking
Batting: RHB Rich Yoder 0-0: Ball
1-0: Called Strike
1-1: Ball
2-1: Swinging Strike
2-2: Ball
3-2: Foul Ball, location: 2F
3-2: Strikes out swinging
Top of the 2nd over - 0 runs, 0 hits, 0 errors, 0 left on base; Roswell 0 - Portland 0
BOTTOM OF THE 2ND
Portland Angels batting - Pitching for Roswell Invaders : LHP Enrique Lopez
Batting: RHB Dan Benson 0-0: Ground out 4-3 (Groundball, 4MS, EV 90.0 MPH)
Batting: RHB Jayson Robinson 0-0: Ball
1-0: Foul Ball, location: 2F
1-1: Foul Ball, location: 2F
1-2: Ball
2-2: Foul Ball, location: 2F
2-2: Strikes out looking
Batting: RHB Justin Reed 0-0: Called Strike
0-1: Ball
1-1: SINGLE (Groundball, 6M, EV 83.1 MPH) (infield hit)
Batting: RHB Erik Schlosser 0-0: Ball
1-0: Ball
2-0: Called Strike
2-1: SINGLE (Line Drive, 7S, EV 109.4 MPH)
Justin Reed to second
Batting: LHB Kevin Thorp 0-0: Ball
1-0: Called Strike
1-1: Foul Ball, location: 2F
1-2: DOUBLE (Groundball, 3L, EV 98.1 MPH)
Justin Reed scores
Erik Schlosser to third
Runner from 3rd tries for Home, SAFE, throw by RF to trailing runner, SAFE at third!
Batting: LHB Sam Sweet 0-0: Called Strike
0-1: Called Strike
Steal of home, Kevin Thorp is safe
0-2: Ball
1-2: Ball
2-2: SINGLE (Groundball, 4MD, EV 98.8 MPH)
Batting: RHB Aubrey Soldan 0-0: Ball
1-0: Called Strike
1-1: Ball
2-1: SINGLE (Groundball, 6M, EV 100.0 MPH) (infield hit)
Sam Sweet to second
Batting: RHB Suoud bin Hilal 0-0: Foul Ball, location: 2F
0-1: Called Strike
0-2: Strikes out swinging
Bottom of the 2nd over - 3 runs, 5 hits, 0 errors, 2 left on base; Roswell 0 - Portland 3
TOP OF THE 3RD
Roswell Invaders batting - Pitching for Portland Angels : RHP Sam Sweet
Batting: RHB David Larsen 0-0: Ball
1-0: Ball
2-0: Ground out 1-3 (Groundball, 13S, EV 68.8 MPH)
Batting: RHB Mike Dagley 0-0: SINGLE (Line Drive, 78S, EV 94.4 MPH)
Batting: LHB Enrique Lopez 0-0: Ball
Mike Dagley steals 2nd base
1-0: Ball
2-0: Called Strike
2-1: Ball
3-1: Ground out 6-3 (Groundball, 56, EV 105.6 MPH)
Batting: RHB Hector Torres 0-0: Single, Error in OF, E9, batter to second base (Line Drive, 9S, EV 100.0 MPH)
Mike Dagley scores
Batting: LHB Todd Hecht 0-0: Called Strike
0-1: Foul Ball, location: 2F
0-2: Ball
1-2: Foul Ball, location: 2F
1-2: Foul Ball, location: 2F
1-2: Ball
2-2: Ground out 4-3 (Groundball, 4, EV 98.1 MPH)
Top of the 3rd over - 1 run, 2 hits, 1 error, 1 left on base; Roswell 1 - Portland 3
BOTTOM OF THE 3RD
Portland Angels batting - Pitching for Roswell Invaders : LHP Enrique Lopez
Batting: RHB Kyle Waters 0-0: Ball
1-0: Foul Ball, location: 2F
1-1: Swinging Strike
1-2: Fly out, F7 (Flyball, 7, EV 86.9 MPH)
Batting: RHB Dan Benson 0-0: Ground out 6-3 (Groundball, 6, EV 90.0 MPH)
Batting: RHB Jayson Robinson 0-0: Ball
1-0: Foul Ball, location: 2F
1-1: Called Strike
1-2: Ball
2-2: Ball
3-2: Base on Balls
Batting: RHB Justin Reed 0-0: Ball
1-0: Called Strike
Jayson Robinson steals 2nd base (no throw)
1-1: Ball
2-1: Ball
3-1: SINGLE (Groundball, 6D, EV 98.1 MPH)
Jayson Robinson to third
Runner from 3rd tries for Home, SAFE, throw by LF to home
Batting: RHB Erik Schlosser 0-0: Foul Ball, location: 2F
0-1: Foul Ball, location: 2F
0-2: Ball
1-2: Fielders Choice at 2nd, U6 (Groundball, 6M, EV 81.9 MPH)
Bottom of the 3rd over - 1 run, 1 hit, 0 errors, 1 left on base; Roswell 1 - Portland 4
TOP OF THE 4TH
Roswell Invaders batting - Pitching for Portland Angels : RHP Sam Sweet
Batting: LHB Pete Dillon 0-0: Ball
1-0: Ball
2-0: Fly out, F8 (Flyball, 8LD, EV 98.1 MPH)
Batting: RHB Jose Valdez 0-0: Called Strike
0-1: Ball
1-1: Ball
2-1: Foul Ball, location: 2F
2-2: Strikes out swinging
Batting: RHB Martin Berrios 0-0: Called Strike
0-1: Ball
1-1: Ground out 4-3 (Groundball, 4M, EV 80.0 MPH)
Top of the 4th over - 0 runs, 0 hits, 0 errors, 0 left on base; Roswell 1 - Portland 4
BOTTOM OF THE 4TH
Portland Angels batting - Pitching for Roswell Invaders : LHP Enrique Lopez
Batting: LHB Kevin Thorp 0-0: Called Strike
0-1: Foul Ball, location: 2F
0-2: Strikes out swinging
Batting: LHB Sam Sweet 0-0: Ball
1-0: Called Strike
1-1: Ball
2-1: Ball
3-1: Fly out, F9 (Flyball, 9, EV 93.1 MPH)
Batting: RHB Aubrey Soldan 0-0: Called Strike
0-1: Ball
1-1: Ground out 5-3 (Groundball, 56, EV 86.9 MPH)
Bottom of the 4th over - 0 runs, 0 hits, 0 errors, 0 left on base; Roswell 1 - Portland 4
TOP OF THE 5TH
Roswell Invaders batting - Pitching for Portland Angels : RHP Sam Sweet
Batting: RHB Rich Yoder 0-0: Ground out 2-3 (Groundball, 15S, EV 77.5 MPH)
Batting: RHB David Larsen 0-0: Ball
1-0: Swinging Strike
1-1: Ball
2-1: Ground out 1-3 (Groundball, 13S, EV 65.0 MPH)
Batting: RHB Mike Dagley 0-0: Called Strike
0-1: Foul Ball, location: 2F
0-2: Strikes out swinging
Top of the 5th over - 0 runs, 0 hits, 0 errors, 0 left on base; Roswell 1 - Portland 4
BOTTOM OF THE 5TH
Portland Angels batting - Pitching for Roswell Invaders : LHP Enrique Lopez
Batting: RHB Suoud bin Hilal 0-0: Called Strike
0-1: DOUBLE (Line Drive, 89M, EV 107.5 MPH)
Batting: RHB Kyle Waters 0-0: Intentional Walk
Batting: RHB Dan Benson 0-0: Grounds into double play, 4-6-3 (Groundball, 4, EV 96.3 MPH)
Suoud bin Hilal to third
Batting: RHB Jayson Robinson 0-0: Called Strike
0-1: Foul Ball, location: 2F
0-2: Strikes out looking
Bottom of the 5th over - 0 runs, 1 hit, 0 errors, 1 left on base; Roswell 1 - Portland 4
TOP OF THE 6TH
Roswell Invaders batting - Pitching for Portland Angels : RHP Sam Sweet
Pinch Hitting: LHB Kyler Peterson 0-0: Ball
1-0: Called Strike
1-1: Swinging Strike
1-2: Ball
2-2: Ball
3-2: Base on Balls
Batting: RHB Hector Torres 0-0: Ball
1-0: Ball
2-0: Foul Ball, location: 2F
2-1: Fly out, F8 (Flyball, 78D, EV 75.6 MPH)
Batting: LHB Todd Hecht 0-0: Fielders Choice at 2nd, 3-6 (Groundball, 34, EV 104.4 MPH)
Batting: LHB Pete Dillon 0-0: Foul Ball, location: 2F
0-1: Ball
1-1: Swinging Strike
1-2: DOUBLE (Flyball, 8RXD, EV 94.4 MPH)
Todd Hecht to third
Runner from 3rd tries for Home, SAFE, throw by CF to trailing runner, OUT at third! 8-4-5
Top of the 6th over - 1 run, 1 hit, 0 errors, 0 left on base; Roswell 2 - Portland 4
BOTTOM OF THE 6TH
Portland Angels batting - Pitching for Roswell Invaders : LHP Enrique Lopez
Pitching: RHP Tom Lessor
Batting: RHB Justin Reed 0-0: Called Strike
0-1: Foul Ball, location: 2F
0-2: Fly out, F8 (Flyball, 8RM, EV 93.1 MPH)
Batting: RHB Erik Schlosser 0-0: SINGLE (Line Drive, 4D, EV 98.8 MPH)
Batting: LHB Kevin Thorp 0-0: Ball
1-0: Ball
2-0: Foul Ball, location: 2F
2-1: Ball
3-1: Fly out, F9 (Flyball, 9S, EV 81.3 MPH)
Batting: LHB Sam Sweet 0-0: Ball
1-0: Ball
Passed Ball!
Erik Schlosser to second
2-0: Hit by Pitch
Batting: RHB Aubrey Soldan 0-0: Ball
Passed Ball!
Erik Schlosser to third
Sam Sweet to second
1-0: Ground out 4-3 (Groundball, 4, EV 88.8 MPH)
Bottom of the 6th over - 0 runs, 1 hit, 0 errors, 2 left on base; Roswell 2 - Portland 4
TOP OF THE 7TH
Roswell Invaders batting - Pitching for Portland Angels : RHP Sam Sweet
Batting: RHB Jose Valdez 0-0: Called Strike
0-1: Ball
1-1: Swinging Strike
1-2: Foul Ball, location: 2F
1-2: Ball
2-2: Foul Ball, location: 2F
2-2: Ball
3-2: Strikes out swinging
Pitching: LHP Chris Nelson
Batting: RHB Martin Berrios 0-0: Ball
1-0: Ball
2-0: Ground out 1-3 (Groundball, 13, EV 86.3 MPH)
Batting: RHB Rich Yoder 0-0: Called Strike
0-1: Ball
1-1: Ball
2-1: Ball
3-1: Swinging Strike
3-2: Strikes out swinging
Top of the 7th over - 0 runs, 0 hits, 0 errors, 0 left on base; Roswell 2 - Portland 4
BOTTOM OF THE 7TH
Portland Angels batting - Pitching for Roswell Invaders : RHP Tom Lessor
Batting: RHB Suoud bin Hilal 0-0: Swinging Strike
0-1: Foul Ball, location: 2F
0-2: Ball
1-2: Ball
2-2: Foul Ball, location: 2F
2-2: DOUBLE (Line Drive, 9LS, EV 113.1 MPH)
Batting: RHB Kyle Waters 0-0: Intentional Walk
Batting: RHB Dan Benson 0-0: Foul Ball, location: 2F
0-1: Ball
1-1: Foul Ball, location: 2F
1-2: Strikes out looking
Batting: RHB Jayson Robinson 0-0: Fly out, F5 (Line Drive, 5, EV 63.8 MPH)
Batting: RHB Justin Reed 0-0: Ball
1-0: Called Strike
1-1: Called Strike
1-2: Foul Ball, location: 2F
1-2: Foul Ball, location: 2F
1-2: Fielders Choice at 2nd, 6-4 (Groundball, 6, EV 83.8 MPH)
Bottom of the 7th over - 0 runs, 1 hit, 0 errors, 2 left on base; Roswell 2 - Portland 4
TOP OF THE 8TH
Roswell Invaders batting - Pitching for Portland Angels : LHP Chris Nelson
Pitching: RHP Jeremy Anderson
Now at 3B: Nick Marse
Batting: RHB David Larsen 0-0: Called Strike
0-1: Ball
1-1: Ball
2-1: Ball
3-1: Foul Ball, location: 2F
3-2: Strikes out swinging
Batting: RHB Mike Dagley 0-0: Ground out 6-3 (Groundball, 56, EV 105.6 MPH)
Pinch Hitting: LHB Zachary Lipscomb 0-0: Ball
1-0: Ball
2-0: Ball
3-0: Called Strike
3-1: Base on Balls
Batting: RHB Hector Torres 0-0: Called Strike
0-1: Ground out 4-3 (Groundball, 4MS, EV 85.6 MPH)
Top of the 8th over - 0 runs, 0 hits, 0 errors, 1 left on base; Roswell 2 - Portland 4
BOTTOM OF THE 8TH
Portland Angels batting - Pitching for Roswell Invaders : RHP Tom Lessor
Pitching: RHP Omar Cruz
Batting: RHB Erik Schlosser 0-0: Ball
1-0: Ball
2-0: Ball
3-0: Called Strike
3-1: Base on Balls
Batting: LHB Kevin Thorp 0-0: Ball
1-0: Sac Bunt to 15 - play at first, batter OUT! 1-3
Erik Schlosser to second
Batting: RHB Nick Marse 0-0: Ball
Erik Schlosser steals 3rd base
1-0: SINGLE (Groundball, 4M, EV 99.4 MPH)
Erik Schlosser scores
Batting: RHB Aubrey Soldan 0-0: Ball
1-0: Called Strike
1-1: Ball
2-1: Called Strike
Nick Marse steals 2nd base
2-2: Foul Ball, location: 2F
2-2: Fly out, F9 (Flyball, 89XD, EV 98.1 MPH)
Batting: RHB Suoud bin Hilal 0-0: Ball
1-0: Called Strike
1-1: Fly out, F8 (Flyball, 8LS, EV 85.0 MPH)
Bottom of the 8th over - 1 run, 1 hit, 0 errors, 1 left on base; Roswell 2 - Portland 5
TOP OF THE 9TH
Roswell Invaders batting - Pitching for Portland Angels : RHP Jeremy Anderson
Pitching: RHP Bill Herrera
Now in LF: Aaron Younger
Batting: LHB Todd Hecht 0-0: Ball
1-0: Called Strike
1-1: Swinging Strike
1-2: Ball
2-2: Foul Ball, location: 2F
2-2: Strikes out looking
Batting: LHB Pete Dillon 0-0: Fly out, F7 (Flyball, 7D, EV 98.1 MPH)
Batting: RHB Jose Valdez 0-0: Called Strike
0-1: Called Strike
0-2: Foul Ball, location: 2F
0-2: Ball
1-2: Foul Ball, location: 2F
1-2: Ball
2-2: Strikes out swinging
Top of the 9th over - 0 runs, 0 hits, 0 errors, 0 left on base; Roswell 2 - Portland 5
Thursday, March 31st , 2022 - OOTP Baseball 22.12 Build 89